 Dungeon Crawl Stone Soup version 0.23.2-40-g277498a001 (webtiles) character file.

Game seed: 17799740317021977777

421 Kikorro the Slasher (level 6, 0/52 HPs)
             Began as a Draconian Fighter on Sept 4, 2019.
             Succumbed to a killer bee's poison
             ... on level 3 of the Dungeon.
             The game lasted 00:09:40 (3114 turns).

Kikorro the Slasher (Draconian Fighter)             Turns: 3114, Time: 00:09:41

Health: 0/52       AC:  6    Str: 20    XL:     6   Next: 62%
Magic:  6/6        EV: 11    Int:  9    God:
Gold:   181        SH: 10    Dex: 10    Spells: 5/5 levels left

rFire    . . .     SeeInvis .   a - +1 long sword
rCold    . . .     Gourm    .   b - +1 shield
rNeg     . . .     Faith    .   (armour unavailable)
rPois    .         Spirit   .   (helmet restricted)
rElec    .         Reflect  .   (no cloak)
rCorr    .         Harm     .   (no gloves)
MR       .....                  (no boots)
Stlth    +.........             e - amulet of rage
HPRegen  0.17/turn              (no ring)
MPRegen  0.10/turn              (no ring)

@: lethally poisoned (0 -> -16), berserk cooldown, slowed, very slow
A: unfitting armour, cold-blooded, AC +6
a: Evoke Berserk Rage


You were on level 3 of the Dungeon.
You were not hungry.

You visited 1 branch of the dungeon, and saw 4 of its levels.

You collected 181 gold pieces.

Inventory:

Hand Weapons
 a - a +1 long sword (weapon)
Armour
 b - a +1 shield (worn)
Jewellery
 e - an amulet of rage (around neck)
Scrolls
 g - a scroll of blinking {unknown}
 h - 2 scrolls of enchant weapon
 i - a scroll of enchant armour
 l - a scroll of remove curse
 m - a scroll of teleportation
 p - a scroll of fear {unknown}
Potions
 c - a potion of might
 f - 4 potions of heal wounds {unknown}
 j - a potion of haste {unknown}
 k - 5 potions of curing
 n - a potion of brilliance {unknown}
 o - a potion of lignification {unknown}
 q - a potion of cancellation {unknown}
Comestibles
 d - 3 rations


   Skills:
 + Level 4.2 Fighting
 + Level 5.0 Long Blades
 + Level 3.6 Dodging
 + Level 1.2 Stealth
 + Level 4.1 Shields
 + Level 1.0 Evocations


You had 5 spell levels left.
You didn't know any spells.
Your spell library was empty.

Dungeon Overview and Level Annotations

Branches:
Dungeon (4/15)
 Temple: D:4-7

Altars:
Elyvilon
Fedhas
Uskayaw


Innate Abilities, Weirdness & Mutations

Your plain brown scales are hard. (AC +6)
You cannot fit into any form of body armour.
You are cold-blooded and may be slowed by cold attacks.


Message History

* * * LOW HITPOINT WARNING * * *
You feel sick.
* * * LOW HITPOINT WARNING * * *
You feel sick.
You are too berserk!
You are too berserk!
You are too berserk!
You are too berserk!
You are too berserk!
You are too berserk!
You are too berserk!
Unknown command.
Unknown command.
You feel a strong urge to attack something.
* * * LOW HITPOINT WARNING * * *
You feel sick.
You are no longer berserk.
You are exhausted.
You feel yourself slow down.
You die...

#.##.#...## #..##.#
#.##.###.#########..##.##
#..................#.#..#
####.###.#######.##.###.#
#.# #.# #.......# #.# #.#
#.# #.##.#### #.# #.# #.#
#.##.# #.# ####.#
#.####.##.# #.# #....#
#...@..##.######.# #.####
#.###....)......<#### #.#
#.# #.##............. #.#
#.###.###.########### #.#
#.....# ### ####.####
#.##### #.......# #.#
#..)....# #.#
#.......###.#######


There were no monsters in sight!

Vanquished Creatures
  An ogre (D:4)
  2 killer bees (D:3)
  An orc priest (D:3)
  An iguana (D:4)
  Natasha (twice) (D:3)
  Robin (D:3)
  3 adders
  A shadow imp (D:2)
  A worm (D:3)
  3 dart slugs
  2 leopard geckos
  7 orcs
  5 bats
  3 giant cockroaches (D:3)
  15 goblins
  13 hobgoblins
  5 jackals
  4 quokkas
  4 frilled lizards
  11 kobolds
  7 rats
92 creatures vanquished.

Notes
Turn   | Place    | Note
-------+----------+-------------------------------------------
     0 | D:1      | Kikorro the Draconian Fighter began the quest for the Orb.
     0 | D:1      | Reached XP level 1. HP: 19/19 MP: 1/1
   216 | D:1      | Reached XP level 2. HP: 22/26 MP: 2/2
   803 | D:2      | Reached XP level 3. HP: 25/31 MP: 3/3
   955 | D:2      | Found a blossoming altar of Fedhas.
  1030 | D:2      | Reached skill level 3 in Long Blades
  1479 | D:2      | Found a white marble altar of Elyvilon.
  1489 | D:2      | Reached XP level 4. HP: 29/39 MP: 4/4
  1767 | D:3      | Noticed Natasha
  1776 | D:3      | Killed Natasha
  1991 | D:3      | Reached XP level 5. HP: 42/46 MP: 5/5
  2203 | D:3      | Noticed Natasha
  2229 | D:3      | Noticed Robin
  2235 | D:3      | Killed Robin
  2235 | D:3      | Reached skill level 4 in Long Blades
  2236 | D:3      | Reached skill level 1 in Stealth
  2238 | D:3      | Killed Natasha
  2536 | D:3      | Found a hide-covered altar of Uskayaw.
  2546 | D:3      | Noticed a +0 dagger
  2547 | D:3      | Noticed a +0 hand axe
  2926 | D:4      | Noticed an ogre
  2956 | D:4      | Killed an ogre
  2956 | D:4      | Reached XP level 6. HP: 52/52 MP: 6/6
  3111 | D:3      | Reached skill level 5 in Long Blades
  3111 | D:3      | Reached skill level 1 in Evocations
  3112 | D:3      | HP: 3/78 [poisoned by a killer bee]
  3114 | D:3      | Succumbed to a killer bee's poison

Skill      XL: |  1  2  3  4  5  6 |
---------------+-------------------+-----
Dodging        | 3 |  3.6
Long Blades    | 3 4 5 |  5.0
Stealth        | 1 |  1.2
Fighting       | 4 |  4.2
Shields        | 4 |  4.1
Evocations     | 1 |  1.0

Action                   |  1- 3 |  4- 6 || total
-------------------------+-------+-------++-------
Melee: Long sword        |   120 |   136 ||   256
       Tailslap          |    13 |    22 ||    35
 Abil: Evoke Berserk Rag |       |     3 ||     3
  Use: Scroll            |     1 |     6 ||     7
 Stab: Distracted        |       |     1 ||     1
  Eat: Chunk             |     2 |     5 ||     7
       Ration            |       |     1 ||     1
Armor: Skin              |    29 |    33 ||    62
Dodge: Dodged            |    45 |    63 ||   108
Block: Shield            |    68 |    74 ||   142
       Rpst.: Long sword |    14 |    22 ||    36
